 Dungeon Sprint DCSS version 0.29.1-2-gbd0b4ee654 (webtiles) character file.

Game seed: 9865802716614096073

2 Zeld the Chopper (level 1, 0/30 HPs)
             Began as a Minotaur Berserker on Nov 4, 2022.
             Was a Follower of Trog.
             Slain by a cane toad (13 damage)
             ... in the Dungeon (Sprint VII: "The Pits").
             The game lasted 00:00:05 (23 turns).

Zeld the Chopper (Minotaur Berserker)                 Turns: 23, Time: 00:00:05

Health: 0/30       AC:  2    Str: 21    XL:     1   Next: 25%
Magic:  0/0        EV: 12    Int:  4    God:    Trog [*.....]
Gold:   0          SH:  0    Dex:  9    Spells: 0/0 levels left

rFire   . . .      SeeInvis .   a - +0 hand axe
rCold   . . .      Faith    .   (no shield)
rNeg    . . .      Spirit   .   b - +0 animal skin
rPois   .          Reflect  .   (helmet restricted)
rElec   .          Harm     .   (no cloak)
rCorr   .          Rampage  .   (no gloves)
Will    .....      NoTele   +   (no boots)
Stlth   ..........              (no amulet)
HPRegen 0.10/turn               (no ring)
MPRegen 0.07/turn               (no ring)

@: berserking (expiring), very quick
A: horns 2, retaliatory headbutt
a: Renounce Religion, Berserk


You were in the Dungeon.
You worshipped Trog.
Trog was aware of your devotion.
You visited 1 branch

Inventory:

Hand Weapons
 a - a +0 hand axe (weapon)
Armour
 b - a +0 animal skin (worn)
Scrolls
 h - a scroll of blinking
Potions
 c - a potion of curing
 d - a potion of heal wounds
 e - a potion of haste
 f - 2 potions of magic
 g - a potion of berserk rage


   Skills:
 + Level 3.9 Fighting
 * Level 4.1 Axes
 + Level 2.7 Armour
 + Level 2.5 Dodging


You couldn't memorise any spells.
You didn't know any spells.
Your spell library was empty.

Dungeon Overview and Level Annotations

Branches:
Dungeon (1/1)

Altars:


Innate Abilities, Weirdness & Mutations

You have a pair of horns on your head.
You reflexively headbutt those who attack you in melee.


Message History

The cane toad croaks.
A bat comes into view.
The quokka barely misses you.
A red film seems to cover your vision as you go berserk!
You feel yourself moving faster!
You feel mighty! The bat closely misses you. The quokka barely misses you.
Unknown command.
You slash the quokka!
You kill the quokka!
Trog accepts your kill. The bat hits you.
Your Axes skill increases to level 4!
You hit the cane toad.
The cane toad is lightly wounded.
You barely miss the bat. The bat completely misses you.
You furiously retaliate!
You headbutt the bat!
You kill the bat!
Trog accepts your kill. The cane toad stings you.
You barely miss the cane toad.
The cane toad is lightly wounded.
You hit the cane toad.
The cane toad is lightly wounded.
The cane toad stings you but does no damage.
Unknown command.
You slash the cane toad! Your headbutt misses the cane toad.
The cane toad is moderately wounded.
The cane toad misses you.
Unknown command.
You slash the cane toad!
The cane toad is severely wounded.
The cane toad stings you!
Ouch! That really hurt!
You are too injured to fight recklessly!
You are too injured to fight recklessly!
You are too injured to fight recklessly!
You slash the cane toad!
The cane toad is almost dead.
The cane toad stings you!
You die...

#......#..#......#
#................+
+................+
#......#..#......#
#................#
####'#####''######
#.......##''#
#.......##..#
#.......##.@#
#...<...##F†#
#.......##..#
#.......##..#
#.......##...
##########... #...
#..##


You could see a cane toad.

Vanquished Creatures
  A quokka (D)
  A bat (D)
2 creatures vanquished.

Notes
Turn   | Place    | Note
-------+----------+-------------------------------------------
     0 | D        | Zeld the Minotaur Berserker began the quest for the Orb.
     0 | D        | Reached XP level 1. HP: 19/19 MP: 0/0
    14 | D        | Noticed a cane toad
    18 | D        | Reached skill level 4 in Axes
    23 | D        | Slain by a cane toad

Illustrated notes

Levels and vault maps discovered:
D:        pitsprint [storerooms_1, entrance_room_1, metal_vault_3, armoury_1,
          mini_pit_1, grid_room_1, main_hall_1, silver_pit, the_coven_1,
          the_vestibule_1, steel_vault_3, golden_pit, hallway_of_sentries,
          crystal_vault_6, iron_vault_4, final_vault]

Skill      XL: |  1 |
---------------+----+-----
Axes           | 4 |  4.1
Fighting       | |  3.9
Armour         | |  2.7
Dodging        | |  2.5

Action                   || total
-------------------------++-------
Melee: Hand axe          ||     7
Invok: Berserk           ||     1
Armor: Animal skin       ||     1
Dodge: Dodged            ||     5
